 Dungeon Crawl Stone Soup version 0.28-b1-70-g80dc712255 (webtiles) character file.

Game seed: 5406737854029111373

1 tizbic2 the Vexing (level 1, -1/10 HPs)
             Began as a Vampire Enchanter on Feb 4, 2022.
             Slain by a hobgoblin (3 damage)
             ... on level 1 of the Dungeon.
             The game lasted 00:01:33 (79 turns).

tizbic2 the Vexing (Vampire Enchanter)                Turns: 79, Time: 00:01:33

Health: -1/10      AC:  3    Str:  7    XL:     1   Next: 16%
Magic:  3/3        EV: 12    Int: 17    God:
Gold:   0          SH:  0    Dex: 14    Spells: 4/4 levels left

rFire   . . .      SeeInvis +   a - +1 dagger
rCold   + + .      Faith    .   (no shield)
rNeg    + + +      Spirit   .   b - +0 robe
rPois   ∞          Reflect  .   (no helmet)
rElec   .          Harm     .   (no cloak)
rCorr   .          Rampage  .   (no gloves)
Will    .....                   d - +0 pair of boots
Stlth   +++++.....              (no amulet)
HPRegen 0.00/turn               (no ring)
MPRegen 0.08/turn               (no ring)

@: bloodless, inhibited regen
A: bloodless, fangs 3, see invisible, vampiric 1
a: Revivify


You were on level 1 of the Dungeon.
You visited 1 branch of the dungeon, and saw 1 of its levels.

Inventory:

Hand Weapons
 a - a +1 dagger (weapon)
Armour
 b - a +0 robe (worn)
 d - a +0 pair of boots (worn)
Potions
 c - a potion of invisibility


   Skills:
 + Level 1.1 Short Blades
 - Level 2.1 Dodging
 * Level 4.4 Stealth
 + Level 2.0 Spellcasting
 + Level 4.4 Hexes


You had 4 spell levels left.
You didn't know any spells.
Your spell library contained the following spells:

 Spells                   Type           Power      Damage    Failure   Level
 Confusing Touch          Hex            16%        N/A       10%         3
 Tukima's Dance           Hex            16%        N/A       10%         3
 Ensorcelled Hibernation  Hex/Ice        18%        N/A       12%         2
 Dazzling Flash           Conj/Hex       18%        N/A       24%         3


Dungeon Overview and Level Annotations

Branches:
Dungeon (1/15)

Altars:


Innate Abilities, Weirdness & Mutations

You do not regenerate when monsters are visible.
You are frail without blood (-20% HP).
You can heal yourself when you bite living creatures.
You are immune to poison.
You have razor-sharp teeth.
You have supernaturally acute eyesight. (SInv)
You are afflicted with vampirism.


Message History

The endoplasm quivers.
You hit the bat.
The bat is heavily wounded.
The bat completely misses you. The bat closely misses you.
You barely miss the bat.
The bat is heavily wounded.
The bat barely misses you. The bat closely misses you.
You hit the bat but do no damage.
The bat is heavily wounded.
The bat hits you but does no damage. The bat barely misses you.
You closely miss the bat.
The bat is heavily wounded.
The bat hits you but does no damage. x2
The endoplasm jiggles.
You barely miss the bat.
The bat is moderately wounded.
The bat barely misses you. The bat misses you.
You closely miss the bat. The bat hits you but does no damage.
You closely miss the bat. The bat closely misses you.
The bat completely misses you.
You closely miss the bat. The bat barely misses you.
The bat hits you but does no damage.
You hit the bat.
The bat is heavily wounded.
The bat misses you. The bat closely misses you.
You hit the bat.
You kill the bat!
You hit the hobgoblin.
The hobgoblin is lightly wounded.
The endoplasm jiggles.
The hobgoblin hits you.
You closely miss the hobgoblin.
The hobgoblin is lightly wounded.
The hobgoblin hits you.
* * * LOW HITPOINT WARNING * * *
The hobgoblin barely misses you.
You begin the revivification ritual.
You continue your ritual.
The hobgoblin hits you. Continue your ritual?
You die...

#.≈≈≈≈≈≈≈
#.≈≈≈≈≈≈≈
######≈≈≈≈≈≈.≈
#.. ..≈(≈≈≈._.
#.# #.J≈≈≈≈..♣
#.# ...≈≈≈≈≈≈
#@# #g≈≈≈≈≈≈≈ #
#g# #..≈≈≈≈≈≈
#.#w# #.≈.≈≈≈..
#.#.####g....≈≈.
#..J......w..###
###.########.#
#.#### .# #....#
# ####.#


You could see a dart slug, an endoplasm and a hobgoblin.

Vanquished Creatures
  A bat (D:1)
1 creature vanquished.

Notes
Turn   | Place    | Note
-------+----------+-------------------------------------------
     0 | D:1      | tizbic2 the Vampire Enchanter began the quest for the Orb.
     0 | D:1      | Reached XP level 1. HP: 13/13 MP: 3/3
    45 | D:1      | Found a faded altar of an unknown god.
    79 | D:1      | Slain by a hobgoblin

Illustrated notes

Levels and vault maps discovered:
D:1:      nicolae_arrival_memento_mori, layout_loops_ring,
          chequers_ecumenical_altar_island

Action                   || total
-------------------------++-------
Melee: Dagger            ||    19
       Bite              ||     1
 Abil: Exsanguinate      ||     1
       Revivify          ||     1
Armor: Robe              ||     9
Dodge: Dodged            ||    28
